 Dungeon Crawl Stone Soup version 0.20.0-10-g0535bb4 (webtiles) character file.

237894 Jannitor the Unseen (level 20, -31/204 HPs)
             Began as a Kobold Berserker on June 7, 2017.
             Was a High Priest of Trog.
             Killed by Shatter
             ... invoked by Jorgrun
              (47 damage)
             ... on level 3 of the Elven Halls.
             The game lasted 02:18:23 (53258 turns).

Jannitor the Unseen (Kobold Berserker)             Turns: 53258, Time: 02:18:24

Health: -31/204    AC: 15    Str: 25    XL:     20   Next: 91%
Magic:  8/8        EV: 26    Int:  7    God:    Trog [*****.]
Gold:   1579       SH:  0    Dex: 19    Spells: 19/19 levels left

rFire    + + +     SeeInvis +   a - +6 quick blade (antimagic)
rCold    + + .     Gourm    .   (shield restricted)
rNeg     . . .     Faith    +   A - +4 ring mail "Ymiass Wyock" {rElec}
rPois    +         Spirit   .   (helmet restricted)
rElec    +         Reflect  .   Z - scarf {rC+ rF+}
rCorr    .         Harm     .   e - +2 pair of gloves of Yffept {+Fly rF+++ Stlth-}
MR       +++++     Clarity  +   p - +0 pair of boots
Stlth    ..........             C - amulet "Egast" {Faith SInv}
Regen    1.5/turn               T - ring "Lentorov" {+Fly rC+ MR+ Int-4}
MPRegen  0.2/turn               R - ring "Unlogh" {+Blink MR+ EV-2} (curse)

@: berserking (expiring), regenerating, drained, very quick
A: horns 1, carnivore 3, clarity, clever 1, fire resistance 1, poison
resistance, strong 1, subdued magic 1
a: Berserk, Trog's Hand, Brothers in Arms, Burn Spellbooks, Renounce Religion,
Evoke Blink, Evoke Flight


You were on level 3 of the Elven Halls.
You worshipped Trog.
Trog was extremely pleased with you.
You were full.

You visited 6 branches of the dungeon, and saw 30 of its levels.
You also visited: Ice Cave, Wizlab and Desolation.

You collected 3382 gold pieces.
You spent 1803 gold pieces at shops.

Inventory:

Hand Weapons
 a - a +6 antimagic quick blade (weapon)
 b - a +7 triple crossbow of flaming
 j - a +2 arbalest of freezing
 G - a +4 quick blade
 P - a +0 vampiric demon blade
Missiles
 u - 751 bolts
Armour
 e - the +2 pair of gloves of Yffept (worn) {+Fly rF+++ Stlth-}
   (You found it on level 11 of the Dungeon)

   It renders you almost immune to fire.
   It lets you fly.
   It makes you less stealthy.
 p - a +0 pair of boots (worn)
 A - the +4 ring mail "Ymiass Wyock" (worn) {rElec}
   (You bought it in a shop on level 6 of the Dungeon)

   It insulates you from electricity.
 Z - a scarf of resistance (worn)
Jewellery
 h - an uncursed ring of fire {unknown}
 t - the amulet "Qaelugus" {Reflect rF++ Dex+3 SH+4 SInv Stlth+}
   (You found it in the Desolation of Salt)

   [amulet of reflection]

   It shields you and reflects attacks.
   It affects your dexterity (+3).
   It greatly protects you from fire.
   It lets you see invisible.
   It affects your SH (+4).
   It makes you more stealthy.
 x - an uncursed amulet of rage
 C - the amulet "Egast" (around neck) {Faith SInv}
   (You bought it in a shop on level 2 of the Orcish Mines)

   [amulet of faith]

   It allows you to gain divine favour quickly.
   It lets you see invisible.
 M - an uncursed ring of fire {unknown}
 R - the cursed ring "Unlogh" (right hand) {+Blink MR+ EV-2}
   (You found it on level 10 of the Dungeon)

   [ring of evasion]

   It affects your evasion (-2).
   It affects your resistance to hostile enchantments.
   It lets you blink.
   It has a curse placed upon it.
 T - the ring "Lentorov" (left hand) {+Fly rC+ MR+ Int-4}
   (You found it in the Desolation of Salt)

   [ring of protection from magic]

   It affects your intelligence (-4).
   It protects you from cold.
   It affects your resistance to hostile enchantments.
   It lets you fly.
Wands
 g - a wand of lightning (7/15)
 m - a wand of acid (6/15)
 s - a wand of acid (10/15)
 w - a wand of paralysis (9/24)
 B - a wand of lightning (3/15)
 L - a wand of clouds (2/9)
 O - a wand of lightning (10/15)
 Q - a wand of iceblast (5/15)
 S - a wand of digging (15/24)
 U - a wand of polymorph (5/24)
 V - a wand of iceblast (6/15)
Scrolls
 l - a scroll of immolation
 o - 6 scrolls of recharging
 r - 13 scrolls of identify
 v - 3 scrolls of teleportation
 y - 11 scrolls of remove curse
 D - 7 scrolls of enchant armour
 N - 2 scrolls of fear
Potions
 d - 3 potions of lignification
 i - 2 potions of magic {unknown}
 n - 5 potions of curing
 q - 5 potions of flight
 E - 2 potions of resistance
 F - 6 potions of haste
 H - a potion of ambrosia
 I - 2 potions of might
 J - 5 potions of agility
 W - 2 potions of invisibility
 X - 4 potions of mutation
Books
 k - a book of Cantrips

   Spells                             Type                      Level
   a - Confusing Touch                Hexes                        1
   b - Animate Skeleton               Necromancy                   1
   c - Summon Small Mammal            Summoning                    1
   d - Apportation                    Translocation                1
   Trog disapproves of the use of such an item.
 K - a book of Battle

   Spells                             Type                      Level
   a - Infusion                       Charms                       1
   b - Shroud of Golubria             Charms/Translocation         2
   c - Song of Slaying                Charms                       2
   d - Spectral Weapon                Hexes/Charms                 3
   e - Regeneration                   Charms/Necromancy            3
   Trog disapproves of the use of such an item.
Miscellaneous
 z - a phial of floods
Comestibles
 c - 11 meat rations
 f - 12 royal jellies


   Skills:
 + Level 18.3(16.7) Fighting
 - Level 10.7(10.8) Short Blades
 + Level 6.1(6.4) Long Blades
 * Level 17.9(16.3) Crossbows
 + Level 10.1(8.8) Armour
 - Level 17.2(15.7) Dodging
 - Level 20.4(18.8) Stealth
 - Level 7.9(6.7) Evocations


You had 19 spell levels left.
You didn't know any spells.

Dungeon Overview and Level Annotations

Branches:
Dungeon (15/15)            Temple (1/1) D:7            Lair (6/6) D:9
  Swamp (0/4) Lair:2       Spider (0/4) Lair:2        Slime (0/5) Lair:5
    Orc (2/2) D:11            Elf (3/3) Orc:2        Vaults (0/5) D:14
 Depths (3/5) D:15

Altars:
Ashenzari
Cheibriados
Dithmenos
Elyvilon
Fedhas
Gozag
Hepliaklqana
Kikubaaqudgha
Nemelex Xobeh
Okawaru
Qazlal
Ru
Sif Muna
Trog
Uskayaw
Xom
Yredelemnul
Zin
The Shining One
Beogh
Jiyva

Shops:
D:6 [   D:13 !%   D:15 ?   Orc:2 *?=}   Elf:1 *

Portals:
Hell: Depths:1 Depths:2 Depths:3
Pandemonium: Depths:1
Ziggurat: Depths:2

Annotations:
Lair:1 exclusion: oklob plant
Elf:2 3 runed doors
Elf:3 Jorgrun
Depths:2 exclusion: 2 downstairs
Depths:3 lokibrotherofthor's ghost, adept TrHu


Innate Abilities, Weirdness & Mutations

You are small and have problems with some larger weapons.
You are carnivorous and can eat meat at any time.
You have a pair of small horns on your head.
You possess an exceptional clarity of mind.
Your mind is acute. (Int +2)
Your flesh is heat resistant. (rF+)
Your system is resistant to poisons. (rPois)
Your muscles are strong. (Str +2)
Your spells are a little easier to cast, but a little less powerful.


Message History

Jorgrun is heavily wounded.
Jorgrun hits you with a scimitar of slicing!
* * * LOW HITPOINT WARNING * * *
x2 You puncture Jorgrun!
Jorgrun's magic leaks into the air.
Jorgrun is severely wounded.
You puncture Jorgrun!
Jorgrun's magic leaks into the air.
Your headbutt misses Jorgrun.
Jorgrun is severely wounded.
You puncture Jorgrun!
Jorgrun's magic leaks into the air.
Jorgrun is severely wounded.
Jorgrun blocks your attack.
Jorgrun is severely wounded.
Jorgrun blocks your attack.
Jorgrun is severely wounded.
You hit Jorgrun.
Jorgrun's magic leaks into the air.
Jorgrun is almost dead.
Jorgrun gestures wildly while chanting.
The dungeon rumbles around Jorgrun!
You shudder from the earth-shattering force.
You die...

......## #.......^#.###.# .....##
#........#.# #.# ....##
#.......##.# #.# #..##
#.....<###.###'# ...# ###..#'#
#.##... [..# ###.# #.###.#.<..
...# ####..##.#....('.... ..##
#..)...........#...) .##
##)@.######.####.... ## #g### #.#
#.... # ########..## #.# #....
#.#.#......## #.# #....
##.#.#........## #.# ####'
#####.###.#...)....#####.#######.
..##.#.##..........'.)...........
(...)..)[((...(.(..#..[([.(#####.
...#.#.#.).^.....(.#)#####.# ##


You could see Jorgrun.

Vanquished Creatures
  Saint Roka (Orc:2)
  A Hellbinder (WizLab)
  A sphinx (Depths:2)
  3 deep elf master archers (Elf:3)
  2 tengu reavers
  2 fire giants
  An imperial myrmidon (Desolation)
  2 deep elf sorcerers
  5 frost giants
  A balrug (Depths:2)
  2 deep elf elementalists (Elf:3)
  A reaper (WizLab)
  4 very ugly things
  5 stone giants
  2 deep elf annihilators (Elf:3)
  4 deep elf demonologists
  7 spark wasps
  5 fire dragons
  4 ettins (Depths:2)
  5 deep elf death magi
  2 blizzard demons (WizLab)
  2 green deaths (WizLab)
  2 yaktaur captains
  3 deep elf high priests
  3 ragged hierophants (Desolation)
  6 jiangshi
  7 great orbs of eyes
  3 hell beasts (WizLab)
  6 hydras
  4 rakshasas
  Harold (D:11)
  4 servants of whispers (Desolation)
  5 peacekeepers
  3 ice dragons
  A vault guard (D:14)
  5 centaur warriors
  A catoblepas (Lair:2)
  3 ogre magi (Depths:2)
  16 dancing weapons
  2 deep troll shamans
  19 two-headed ogres
  9 death yaks
  2 tengu warriors (Depths:2)
  A deep troll earth mage (Depths:1)
  An orc high priest (Orc:2)
  3 vampire magi (Depths:2)
  A spriggan berserker (Depths:2)
  Nergalle (Lair:3)
  2 sun demons (WizLab)
  5 skeletal warriors (D:14)
  The ghost of DrakieV the Carver, a novice DrBe of Trog (D:7)
  14 deep elf knights
  8 unseen horrors
  16 deep elf archers
  4 deep trolls
  3 ironbrand convokers (Desolation)
  A phantasmal warrior (D:12)
  A wizard (Depths:2)
  A wolf spider (shapeshifter) (Depths:2)
  45 deep elf magi
  4 orc sorcerers (Orc:2)
  A manticore (D:14)
  27 ugly things
  7 cyclopes
  8 elephants (Lair:6)
  7 black mambas
  2 guardian serpents (Desolation)
  Joseph (D:8)
  A torpor snail (shapeshifter) (Depths:2)
  2 ice statues (IceCv)
  Psyche (D:8)
  A molten gargoyle (Desolation)
  An orange demon (WizLab)
  18 yaktaurs
  3 kobold demonologists
  11 spiny frogs
  A rime drake (Lair:3)
  A rime drake (shapeshifter) (Depths:2)
  A freezing wraith (D:15)
  2 redback zombies
  3 efreet
  7 komodo dragons
  4 tengu conjurers
  3 ice devils (WizLab)
  3 red devils (WizLab)
  A queen bee (shapeshifter) (Depths:2)
  A meliai (shapeshifter) (Depths:1)
  Grinder (D:3)
  A troll (shapeshifter) (D:15)
  5 trolls
  A hornet (shapeshifter) (D:15)
  A blink frog (shapeshifter) (Depths:1)
  A hornet (Depths:2)
  30 slime creatures
  16 polar bears
  31 saltlings (Desolation)
  5 blink frogs (Lair:3)
  6 dream sheep (Lair:6)
  9 hippogriffs
  A meliai zombie (D:13)
  2 spriggans
  A wraith (D:11)
  4 water elementals
  Sigmund (D:5)
  30 yaks
  9 air elementals
  2 shadows
  A ynoxinul (WizLab)
  3 wyverns
  4 vampires
  3 fire elementals
  The ghost of DrakieV the Slasher, an amateur DrBe of Trog (D:5)
  A fire bat (shapeshifter) (Depths:2)
  2 fire bats (Depths:2)
  3 basilisks
  A steam dragon (D:15)
  3 vampire mosquitoes (D:14)
  Menkaure (D:7)
  A warg (Orc:1)
  3 acid dragons
  5 swamp worms (Lair:2)
  A floating eye (Depths:2)
  8 water moccasins
  5 sky beasts
  9 porcupines
  Purgy (D:4)
  4 ice beasts
  A black bear (D:10)
  An eye of draining (D:12)
  40 orc warriors
  A hornet zombie (D:15)
  A phantom (D:9)
  18 centaurs
  19 ogres
  47 wolves
  4 necrophages
  9 crocodiles
  5 big kobolds
  12 bullfrogs
  A gnoll sergeant (Orc:2)
  2 earth elementals
  5 scorpions
  A wyvern skeleton (D:10)
  18 killer bees
  6 wights
  8 electric eels
  4 crimson imps
  3 centaur zombies
  A bullfrog zombie (D:9)
  4 centaur skeletons
  A bullfrog skeleton (D:9)
  14 hounds
  A jelly (D:14)
  26 orc wizards
  19 orc priests
  4 iguanas
  10 worker ants
  7 hell rats (Lair:6)
  A hound skeleton (D:4)
  A worker ant zombie (D:5)
  11 gnolls
  7 adders
  6 shadow imps
  2 oozes
  A worm (D:2)
  A dart slug (D:2)
  4 leopard geckos
  97 orcs
  5 bats
  8 giant cockroaches
  7 goblins
  9 hobgoblins
  7 jackals
  5 quokkas
  2 ball pythons
  9 frilled lizards
  25 kobolds
  A leopard gecko zombie (D:5)
  4 rats
1120 creatures vanquished.

Vanquished Creatures (collateral kills)
  A tengu reaver (Depths:2)
  An imperial myrmidon (Desolation)
  3 ragged hierophants (Desolation)
  A catoblepas (Lair:6)
  A two-headed ogre (D:9)
  3 death yaks (Lair:6)
  2 spriggans (Depths:2)
  2 deep elf knights (D:11)
  A lindwurm (Lair:6)
  2 ugly things (Depths:2)
  A guardian serpent (Desolation)
  2 yaktaurs (Depths:2)
  A polar bear (IceCv)
  2 hornets (Depths:2)
  14 saltlings (Desolation)
  2 yaks
  An orc warrior (Orc:2)
  A bullfrog (D:10)
  2 wights (D:11)
  An electric eel (D:9)
  An orc priest (D:9)
  2 worker ants (D:10)
47 creatures vanquished.

Vanquished Creatures (others)
  A water elemental (Elf:2)
  An ogre (Depths:2)
  An orc wizard (Orc:1)
  2 orcs
  A quokka (D:8)
  7 fungi
  9 plants
22 creatures vanquished.

Grand Total: 1189 creatures vanquished

Notes
Turn   | Place    | Note
-------+----------+-------------------------------------------
     0 | D:1      | Jannitor the Kobold Berserker began the quest for the Orb.
     0 | D:1      | Reached XP level 1. HP: 14/14 MP: 1/1
   237 | D:1      | Reached skill level 1 in Stealth
   237 | D:1      | Reached XP level 2. HP: 15/19 MP: 2/2
   641 | D:1      | Reached XP level 3. HP: 23/23 MP: 3/3
  1455 | D:2      | Reached ** piety under Trog
  1556 | D:2      | Reached XP level 4. HP: 29/29 MP: 4/4
  1579 | D:2      | Found an ancient bone altar of Kikubaaqudgha.
  1579 | D:2      | Found a blossoming altar of Fedhas.
  1623 | D:2      | Reached skill level 2 in Stealth
  2216 | D:2      | Reached XP level 5. HP: 25/33 MP: 5/5
  2570 | D:3      | Found a basalt altar of Yredelemnul.
  2572 | D:3      | Noticed a profane servitor
  2606 | D:3      | Found a glowing golden altar of the Shining One.
  2608 | D:3      | Noticed an angel
  2776 | D:3      | Reached skill level 5 in Short Blades
  2806 | D:3      | Noticed Grinder
  2815 | D:3      | Killed Grinder
  2815 | D:3      | Reached skill level 3 in Stealth
  2815 | D:3      | Reached XP level 6. HP: 39/39 MP: 6/6
  2879 | D:3      | Reached skill level 4 in Stealth
  3107 | D:4      | Reached XP level 7. HP: 42/44 MP: 7/7
  3255 | D:4      | Reached *** piety under Trog
  3277 | D:4      | Noticed Purgy
  3285 | D:4      | Killed Purgy
  3372 | D:4      | Found a shattered altar of Ashenzari.
  3376 | D:4      | Found a sacrificial altar of Ru.
  3381 | D:4      | Found a sparkling altar of Nemelex Xobeh.
  3401 | D:4      | Reached skill level 5 in Fighting
  3790 | D:5      | Entered Level 5 of the Dungeon
  3839 | D:5      | Noticed Sigmund
  3855 | D:5      | Killed Sigmund
  3855 | D:5      | Reached skill level 5 in Stealth
  3855 | D:5      | Reached XP level 8. HP: 49/49 MP: 8/8
  4040 | D:5      | Noticed DrakieV's ghost (amateur DrBe)
  4057 | D:5      | Killed DrakieV's ghost
  4255 | D:6      | Found a hide-covered altar of Uskayaw.
  4296 | D:6      | Reached skill level 5 in Armour
  4409 | D:6      | Reached skill level 6 in Stealth
  4575 | D:6      | Found Huumoceacyx's Armour Shop.
  4589 | D:6      | Bought a +1 leather armour of fire resistance for 210 gold pieces
  5112 | D:7      | Noticed DrakieV's ghost (novice DrBe)
  5145 | D:7      | Killed DrakieV's ghost
  5145 | D:7      | Reached skill level 7 in Stealth
  5145 | D:7      | Reached XP level 9. HP: 56/56 MP: 9/9
  5460 | D:7      | Reached skill level 8 in Stealth
  5486 | D:7      | Noticed Menkaure
  5498 | D:7      | Killed Menkaure
  5498 | D:7      | Reached skill level 5 in Dodging
  5605 | D:7      | Found a staircase to the Ecumenical Temple.
  5755 | Temple   | Entered the Ecumenical Temple
  6299 | D:8      | Noticed a hippogriff
  6318 | D:8      | Killed a hippogriff
  6318 | D:8      | Reached XP level 10. HP: 53/64 MP: 10/10
  6327 | D:8      | Reached skill level 9 in Stealth
  6372 | D:8      | Reached **** piety under Trog
  6642 | D:8      | Noticed Psyche
  6654 | D:8      | Killed Psyche
  6911 | D:8      | Found a white marble altar of Elyvilon.
  7029 | D:8      | Noticed Joseph
  7036 | D:8      | Killed Joseph
  7063 | D:8      | Reached skill level 10 in Stealth
  7251 | D:9      | Found a staircase to the Lair.
  7347 | D:9      | Reached skill level 10 in Short Blades
  7514 | D:9      | Noticed a two-headed ogre
  7530 | D:9      | Killed a two-headed ogre
  7613 | D:9      | Reached XP level 11. HP: 71/71 MP: 11/11
  7696 | D:9      | Got a ripped robe
  7707 | D:9      | Identified the cursed +0 robe of Surprise {+Fly} (You found it on level 9 of the Dungeon)
  7725 | D:9      | Noticed a two-headed ogre
  7732 | D:9      | Killed a two-headed ogre
  7732 | D:9      | Reached skill level 11 in Stealth
  8469 | D:9      | Noticed a two-headed ogre
  8471 | D:9      | Killed a two-headed ogre
  8651 | D:10     | Entered Level 10 of the Dungeon
  8681 | D:10     | Found a roughly hewn altar of Beogh.
  8727 | D:9      | Reached skill level 10 in Fighting
  9133 | D:10     | Reached ***** piety under Trog
  9148 | D:10     | Reached skill level 12 in Stealth
  9200 | D:10     | Found a transporter.
  9233 | D:10     | Found a transporter.
  9552 | D:10     | Found a shadowy altar of Dithmenos.
  9868 | D:10     | Gained mutation: You are agile. (Dex +2) [mutagenic meat]
  9869 | D:10     | Gained mutation: You are occasionally teleported next to monsters. [mutagenic meat]
  9870 | D:10     | Gained mutation: Scrolls take you a little longer to read. [mutagenic meat]
  9871 | D:10     | Gained mutation: You are weak. (Str -2) [mutagenic meat]
  9872 | D:10     | Gained mutation: You expend magic power (3 MP) to strengthen your wands. [mutagenic meat]
  9874 | D:10     | Lost mutation: You expend magic power (3 MP) to strengthen your wands. [potion of mutation]
  9874 | D:10     | Lost mutation: Scrolls take you a little longer to read. [potion of mutation]
  9874 | D:10     | Lost mutation: You are weak. (Str -2) [potion of mutation]
  9874 | D:10     | Gained mutation: You are frail. (-10% HP) [potion of mutation]
  9874 | D:10     | Gained mutation: Your muscles are strong. (Str +2) [potion of mutation]
 10081 | D:11     | Noticed a cyclops
 10085 | D:11     | Killed a cyclops
 10098 | D:11     | Noticed a deep elf knight
 10098 | D:11     | Noticed a deep elf knight
 10098 | D:11     | Noticed Harold
 10122 | D:11     | Killed a deep elf knight
 10128 | D:11     | HP: 3/97 [deep elf knight/short sword (15)]
 10129 | D:11     | Killed a deep elf knight
 10397 | D:11     | Noticed an enchanted triple sword
 10419 | D:11     | Killed Harold
 10419 | D:11     | Reached skill level 10 in Dodging
 10419 | D:11     | Reached XP level 12. HP: 71/71 MP: 12/12
 10741 | D:11     | Got a pair of fine gloves
 10752 | D:11     | Identified the +2 pair of gloves of Yffept {+Fly rF+++ Stlth-} (You found it on level 11 of the Dungeon)
 10763 | D:11     | Noticed a two-headed ogre
 10787 | D:11     | Killed a two-headed ogre
 10787 | D:11     | Reached skill level 13 in Stealth
 11412 | D:11     | Found a staircase to the Orcish Mines.
 11526 | D:11     | Got a scorched ring mail
 11537 | D:11     | Identified the +3 ring mail of Qimaf {Int+4} (You found it on level 11 of the Dungeon)
 11861 | Lair:1   | Entered Level 1 of the Lair of Beasts
 12803 | Lair:1   | Noticed a seven-headed hydra
 12818 | Lair:1   | Killed a seven-headed hydra
 12818 | Lair:1   | Reached skill level 14 in Stealth
 12863 | Lair:1   | Noticed an eight-headed hydra
 12885 | Lair:1   | Killed an eight-headed hydra
 12944 | Lair:2   | Found a hole to the Spider Nest.
 13269 | Lair:2   | Reached XP level 13. HP: 77/77 MP: 13/13
 13482 | Lair:2   | Noticed a catoblepas
 13505 | Lair:2   | Killed a catoblepas
 14052 | Lair:2   | Found a staircase to the Swamp.
 14726 | Lair:3   | Reached skill level 15 in Stealth
 15135 | Lair:3   | Noticed Nergalle
 15160 | Lair:3   | Killed Nergalle
 15346 | Lair:3   | Noticed a seven-headed hydra
 15362 | Lair:3   | Killed a seven-headed hydra
 16559 | Lair:4   | You fall through a shaft!
 16732 | Lair:5   | Noticed a seven-headed hydra
 16745 | Lair:5   | Killed a seven-headed hydra
 16876 | Lair:5   | Reached skill level 16 in Stealth
 16954 | Lair:5   | Found a deep blue altar of Sif Muna.
 16980 | Lair:5   | Received a gift from Trog
 17534 | Lair:5   | Reached XP level 14. HP: 84/84 MP: 14/14
 17661 | Lair:5   | Found a staircase to the Slime Pits.
 17661 | Lair:5   | Found a viscous altar of Jiyva.
 18402 | Lair:6   | Entered Level 6 of the Lair of Beasts
 18423 | Lair:6   | Found a frozen archway.
 18472 | IceCv    | Entered an ice cave
 18968 | IceCv    | Noticed a frost giant
 19017 | IceCv    | Killed a frost giant
 19021 | IceCv    | Reached skill level 17 in Stealth
 19566 | Lair:6   | Received a gift from Trog
 20682 | Lair:6   | Received a gift from Trog
 20701 | Lair:6   | Reached skill level 18 in Stealth
 20790 | Lair:6   | Reached XP level 15. HP: 90/90 MP: 15/15
 20937 | Lair:6   | Reached skill level 15 in Dodging
 21195 | Lair:6   | Reached skill level 15 in Fighting
 21577 | D:10     | Got a faintly glowing steel ring
 21578 | D:10     | Identified the cursed ring "Unlogh" {+Blink MR+ EV-2} (You found it on level 10 of the Dungeon)
 21626 | D:10     | Reached skill level 1 in Crossbows
 21654 | D:10     | Gained mutation: You have a pair of small horns on your head. [mutagenic meat]
 21655 | D:10     | Gained mutation: Your system is resistant to poisons. (rPois) [mutagenic meat]
 21658 | D:10     | Gained mutation: Your spells are a little easier to cast, but a little less powerful. [mutagenic meat]
 21662 | D:10     | Lost mutation: You are agile. (Dex +2) [mutagenic glow]
 21879 | Orc:1    | Entered Level 1 of the Orcish Mines
 22160 | Orc:2    | Entered Level 2 of the Orcish Mines
 22165 | Orc:2    | Found a roughly hewn altar of Beogh.
 22188 | Orc:2    | Found a staircase to the Elven Halls.
 22263 | Orc:2    | Noticed Saint Roka
 22284 | Orc:2    | Killed Saint Roka
 22290 | Orc:2    | Found Axebeid's Gadget Emporium.
 22290 | Orc:2    | Found Razosie's Assorted Antiques.
 22290 | Orc:2    | Found Hasikuk's Magic Scroll Shoppe.
 22291 | Orc:2    | Received a gift from Trog
 22520 | D:6      | Bought the +4 ring mail "Ymiass Wyock" {rElec} for 570 gold pieces
 23601 | Orc:2    | Found Bowueps's Jewellery Emporium.
 23606 | Orc:2    | Bought a coiled copper amulet for 90 gold pieces
 23606 | Orc:2    | Bought 2 green potions for 32 gold pieces
 23608 | Orc:2    | Bought a scroll of teleportation for 42 gold pieces
 23608 | Orc:2    | Bought a scroll of blinking for 105 gold pieces
 23610 | Orc:2    | Identified the amulet "Egast" {Faith SInv} (You bought it in a shop on level 2 of the Orcish Mines)
 23837 | Orc:1    | Reached skill level 5 in Crossbows
 24063 | Orc:2    | Received a gift from Trog
 24635 | Orc:1    | Received a gift from Trog
 25775 | D:12     | Received a gift from Trog
 26335 | D:12     | Reached skill level 19 in Stealth
 26661 | D:13     | Reached XP level 16. HP: 89/97 MP: 5/16
 26862 | D:13     | Found Isoyrush's Distillery.
 26868 | D:13     | Bought a potion of mutation for 120 gold pieces
 26868 | D:13     | Lost mutation: Your spells are a little easier to cast, but a little less powerful. [potion of mutation]
 26868 | D:13     | Lost mutation: You are frail. (-10% HP) [potion of mutation]
 26868 | D:13     | Lost mutation: You have a pair of small horns on your head. [potion of mutation]
 26868 | D:13     | Lost mutation: Your muscles are strong. (Str +2) [potion of mutation]
 26868 | D:13     | Lost mutation: You are occasionally teleported next to monsters. [potion of mutation]
 26868 | D:13     | Gained mutation: Your flesh is heat resistant. (rF+) [potion of mutation]
 26868 | D:13     | Gained mutation: You have a pair of small horns on your head. [potion of mutation]
 27228 | D:13     | Found Aniopuz's Food Boutique.
 27374 | D:13     | Received a gift from Trog
 27381 | D:13     | Gained mutation: Your muscles are strong. (Str +2) [mutagenic meat]
 27483 | D:14     | Gained mutation: You possess an exceptional clarity of mind. [mutagenic meat]
 27484 | D:14     | Gained mutation: Your mind is acute. (Int +2) [mutagenic meat]
 27598 | D:14     | Noticed a fire giant
 27637 | D:14     | Killed a fire giant
 28039 | D:14     | Received a gift from Trog
 28877 | D:14     | Found a gate to the Vaults.
 28892 | D:14     | Reached ****** piety under Trog
 28992 | D:14     | Reached skill level 10 in Crossbows
 29001 | D:15     | Entered Level 15 of the Dungeon
 29785 | D:15     | Gained mutation: Your spells are a little easier to cast, but a little less powerful. [mutagenic meat]
 29886 | D:15     | Found Jyuh's Magic Scroll Emporium.
 29889 | D:15     | Bought a scroll of magic mapping for 42 gold pieces
 29889 | D:15     | Bought a scroll of teleportation for 36 gold pieces
 30118 | D:15     | Found a staircase to the Depths.
 30120 | D:15     | Reached XP level 17. HP: 115/115 MP: 5/17
 30135 | D:15     | Received a gift from Trog
 30268 | D:15     | Reached skill level 1 in Evocations
 30633 | Depths:1 | Entered Level 1 of the Depths
 31231 | Elf:1    | Entered Level 1 of the Elven Halls
 31275 | Elf:1    | Found a ruined gateway.
 31513 | Desolati | Entered the Desolation of Salt
 31589 | Desolati | Reached skill level 20 in Stealth
 32285 | Desolati | Got a bound bone ring
 32287 | Desolati | Identified the ring of Hiral {Ice Int+2} (You found it in the Desolation of Salt)
 32294 | Desolati | Got a transparent tin amulet
 32296 | Desolati | Got a transparent platinum amulet
 32297 | Desolati | Identified the amulet "Keptuleq" {Inacc rPois rC+ Stlth+} (You found it in the Desolation of Salt)
 32299 | Desolati | Identified the amulet "Qaelugus" {Reflect rF++ Dex+3 SH+4 SInv Stlth+} (You found it in the Desolation of Salt)
 32334 | Desolati | Received a gift from Trog
 32492 | Desolati | HP: 5/116 [imperial myrmidon/demon blade of draining (9)]
 32506 | Desolati | Got a heavily runed graven amulet
 32507 | Desolati | Identified the amulet of the Griffon {Faith rElec Int-3 Dex+3} (You found it in the Desolation of Salt)
 32517 | Desolati | Got a clouded silver ring
 32635 | Desolati | Identified the ring "Lentorov" {+Fly rC+ MR+ Int-4} (You found it in the Desolation of Salt)
 33819 | Elf:1    | Reached skill level 5 in Evocations
 33998 | Elf:1    | Received a gift from Trog
 34070 | Elf:1    | Received a gift from Trog
 35127 | Elf:1    | Found Nus Ogru's Assorted Antiques.
 35226 | Elf:1    | Reached XP level 18. HP: 122/122 MP: 7/22
 37039 | Elf:3    | Entered Level 3 of the Elven Halls
 37102 | Elf:3    | Noticed Jorgrun
 37267 | Elf:3    | Received a gift from Trog
 37466 | Elf:3    | Received a gift from Trog
 37615 | Elf:3    | Received a gift from Trog
 37624 | Elf:3    | Found a magical portal.
 37675 | WizLab   | Entered The Hall of the Hellbinder
 39606 | WizLab   | Noticed Cimyff
 39608 | WizLab   | Found a burning altar of Makhleb.
 39643 | WizLab   | Killed Cimyff the Hellbinder
 39938 | WizLab   | Identified the Almanac of Calling
 39968 | WizLab   | Identified Syoch's Almanac of Calling
 39979 | WizLab   | Received a gift from Trog
 40217 | Elf:3    | Noticed a deep elf master archer
 40241 | Elf:3    | Killed a deep elf master archer
 40811 | Elf:2    | Reached skill level 1 in Long Blades
 42107 | Elf:2    | Received a gift from Trog
 42113 | Elf:2    | Reached XP level 19. HP: 62/128 MP: 24/24
 42487 | Elf:2    | Found a huge runed gate.
 42487 | Elf:2    | Found a huge runed gate.
 42502 | Elf:2    | Found a huge runed gate.
 43271 | Elf:2    | Received a gift from Trog
 43545 | Depths:1 | Reached skill level 15 in Crossbows
 43695 | Depths:2 | Found a gateway to a ziggurat.
 44401 | Depths:2 | Received a gift from Trog
 44700 | Depths:2 | Found a gateway to Hell.
 47030 | Depths:1 | Reached XP level 20. HP: 112/136 MP: 8/25
 47404 | Depths:1 | Found a one-way gate leading to the halls of Pandemonium.
 47528 | Depths:1 | Received a gift from Trog
 47541 | Depths:1 | Reached skill level 5 in Long Blades
 47934 | Depths:1 | Found a glowing golden altar of the Shining One.
 48331 | Depths:2 | Received a gift from Trog
 49896 | Depths:3 | Noticed a juggernaut
 50050 | Depths:3 | Noticed lokibrotherofthor's ghost (adept TrHu)
 50924 | Depths:2 | Received a gift from Trog
 51456 | Orc:2    | Bought a wand of digging (15/24) for 418 gold pieces
 51457 | Orc:2    | Bought a scroll of teleportation for 42 gold pieces
 51457 | Orc:2    | Bought a scroll of teleportation for 42 gold pieces
 51458 | Orc:2    | Bought a potion of curing for 54 gold pieces
 51667 | Elf:3    | Reached skill level 10 in Armour
 52101 | Elf:3    | Noticed a Hell Sentinel
 53258 | Elf:3    | Killed from afar by Jorgrun

Skill      XL: |  1  2  3  4  5  6  7  8  9 10 11 12 13 14 15 16 17 18 19 20 |
---------------+-------------------------------------------------------------+-----
Armour         | 2 3 4 5 6 7 9 10 | 10.1
Stealth        | 1 2 3 4 5 7 8 10 12 14 16 18 19 20 | 20.4
Fighting       | 4 5 6 7 9 10 12 13 14 15 16 17 18 | 18.3
Short Blades   | 5 6 8 10 | 10.7
Dodging        | 4 5 7 10 11 13 14 15 16 17 | 17.2
Crossbows      | 7 10 12 14 16 17 | 17.9
Evocations     | 5 7 |  7.9
Long Blades    | 1 4 6 |  6.1

Action                   |  1- 3 |  4- 6 |  7- 9 | 10-12 | 13-15 | 16-18 | 19-21 || total
-------------------------+-------+-------+-------+-------+-------+-------+-------++-------
Melee: Short sword       |   116 |    54 |       |   410 |  1765 |       |       ||  2345
       Dagger            |       |    73 |   323 |   472 |   469 |       |       ||  1337
       Headbutt          |       |       |       |       |   238 |   718 |   318 ||  1274
       Quick blade       |       |       |       |       |    99 |  2394 |   977 ||  3470
 Fire: Hand crossbow     |       |       |       |       |    43 |       |       ||    43
       Triple crossbow   |       |       |       |       |       |   117 |   269 ||   386
Invok: Berserk           |     1 |     3 |     9 |    21 |    38 |    26 |    12 ||   110
       Trog's Hand       |       |     1 |     2 |     2 |     8 |    20 |    11 ||    44
       Brothers in Arms  |       |       |       |     3 |     5 |     8 |     2 ||    18
       Burn Spellbooks   |       |       |       |     1 |       |     3 |       ||     4
 Abil: Evoke Blink       |       |       |       |       |       |     1 |       ||     1
Evoke: Wand              |       |       |       |     1 |     4 |     5 |       ||    10
  Use: Scroll            |       |     7 |       |     8 |    13 |    11 |     5 ||    44
       Potion            |       |       |     1 |     2 |    11 |    14 |     6 ||    34
 Stab: Sleeping          |       |     1 |     8 |    20 |    35 |    40 |     2 ||   106
       Distracted        |       |     1 |       |     3 |    10 |     5 |     3 ||    22
       Invisible         |       |       |       |       |     4 |       |       ||     4
       Confused          |       |       |       |       |    13 |       |       ||    13
       Petrified         |       |       |       |       |     3 |       |       ||     3
  Eat: Chunk             |    11 |     9 |    18 |    48 |    87 |    62 |    50 ||   285
       Meat ration       |       |       |       |       |       |     4 |       ||     4
Armor: Ring mail         |    17 |    25 |    22 |       |    76 |   219 |   102 ||   461
       Skin              |       |       |     8 |       |     6 |       |       ||    14
       Leather armour    |       |       |    39 |    65 |       |       |       ||   104
       Troll leather arm |       |       |       |    25 |   117 |       |       ||   142
Dodge: Dodged            |    85 |    60 |   145 |   539 |  1327 |  1101 |   455 ||  3712
